 Dungeon Crawl Stone Soup version 0.22.1-6-g1668fe2 (webtiles) character file.

213 infcreate the Conjurer (level 5, -13/28 HPs)
             Began as a Deep Elf Conjurer on Jan 24, 2019.
             Was a Follower of Vehumet.
             Mangled by an ogre
             ... wielding a +0 giant spiked club
              (31 damage)
             ... on level 4 of the Dungeon.
             The game lasted 00:20:34 (3672 turns).

infcreate the Conjurer (Deep Elf Conjurer)          Turns: 3672, Time: 00:20:35

Health: -13/28     AC:  4    Str:  5    XL:     5   Next: 59%
Magic:  6/14       EV: 13    Int: 21    God:    Vehumet [*.....]
Gold:   159        SH:  0    Dex: 15    Spells: 4/14 levels left

rFire    . . .     SeeInvis .   p - +1 dagger (protect)
rCold    . . .     Gourm    .   (no shield)
rNeg     . . .     Faith    .   a - +0 robe
rPois    .         Spirit   .   (no helmet)
rElec    .         Reflect  .   (no cloak)
rCorr    .         Harm     .   (no gloves)
MR       .....                  (no boots)
Stlth    ++........             (no amulet)
HPRegen  0.09/turn              m - +2 ring of protection
MPRegen  0.14/turn              (no ring)

@: no status effects
A: no striking features
a: Renounce Religion


You were on level 4 of the Dungeon.
You worshipped Vehumet.
Vehumet was aware of your devotion.
You were not hungry.

You visited 1 branch of the dungeon, and saw 4 of its levels.

You collected 159 gold pieces.

Inventory:

Hand Weapons
 p - a +1 dagger of protection (weapon)
Armour
 a - a +0 robe (worn)
Jewellery
 m - a +2 ring of protection (left hand)
Scrolls
 b - a scroll of teleportation
 d - a scroll of amnesia {unknown}
 e - 2 scrolls of enchant weapon {unknown}
 f - 5 scrolls of identify
 k - a scroll of fog {unknown}
 l - a scroll of immolation {unknown}
 o - a scroll of magic mapping {unknown}
 r - a scroll of remove curse
Potions
 g - 2 potions of heal wounds
 h - 2 potions of curing
 i - a potion of haste {unknown}
 j - 3 potions of flight {unknown}
 n - a potion of brilliance {unknown}
 q - a potion of agility {unknown}
 t - a potion of lignification {unknown}
Comestibles
 c - 5 rations


   Skills:
 + Level 2.8 Dodging
 + Level 3.4 Stealth
 + Level 5.2 Spellcasting
 + Level 6.0 Conjurations
 + Level 1.1 Hexes


You had 4 spell levels left.
You knew the following spells:

 Your Spells              Type           Power        Failure   Level  Hunger
a - Magic Dart            Conj           ####         1%          1    None
b - Searing Ray           Conj           ####..       1%          2    None
c - Dazzling Spray        Conj/Hex       ###...       8%          3    ##.....
d - Iskenderun's Mystic   Conj           ####....     9%          4    ####...

Your spell library contained the following spells:

 Spells                   Type           Power        Failure   Level  Hunger
 Sting                    Conj/Pois      ###.         3%          1    None
 Fulminant Prism          Conj/Hex       ###.......   24%         4    ####...
 Force Lance              Conj/Tloc      ###.....     30%         4    ####...


Dungeon Overview and Level Annotations

Branches:
Dungeon (4/15)
 Temple: D:4-7

Altars:
Uskayaw
Vehumet


Message History

(Press . to maintain the ray.)
The searing ray misses the ogre.
The searing ray hits the ogre.
The ogre is heavily wounded.
The ogre hits you with a giant spiked club!
The searing ray misses the ogre.
You finish channeling your searing ray.
Casting: Searing Ray (safe; 1% risk of failure)
Confirm with . or Enter, or press ? or * to list all spells.
Aiming: Searing Ray (safe; 1% risk of failure)
Press: ? - help, Shift-Dir - straight line, f/p - ogre
Aim: an ogre, wielding a giant spiked club (heavily wounded)
The searing ray hits the ogre.
The ogre is severely wounded. (Press . to maintain the ray.)
The ogre misses you.
The searing ray hits the ogre.
The ogre is almost dead.
The ogre hits you with a giant spiked club!!
Ouch! That really hurt!
You die...

########.
#.O...... #.
#@# #.######
#.# #......#
#.# #......#
#.#
####.....###
#.#
#..........
#.#
#.....######.#
#..........#.#
#.....####.#.#


You could see an ogre.

Vanquished Creatures
  An orc priest (D:3)
  Jessica (D:2)
  7 adders
  2 oozes
  2 worms
  A dart slug (D:1)
  A leopard gecko (D:4)
  10 orcs
  6 bats
  6 giant cockroaches
  8 goblins
  6 hobgoblins
  8 kobolds
  A ball python (D:3)
  2 frilled lizards (D:3)
  A quokka skeleton (D:4)
  7 rats
70 creatures vanquished.

Notes
Turn   | Place    | Note
-------+----------+-------------------------------------------
     0 | D:1      | infcreate the Deep Elf Conjurer began the quest for the
                  | Orb.
     0 | D:1      | Reached XP level 1. HP: 10/10 MP: 6/6
   257 | D:1      | Reached XP level 2. HP: 15/15 MP: 6/8
   261 | D:1      | Learned a level 2 spell: Searing Ray
   676 | D:1      | Reached skill level 5 in Conjurations
   923 | D:2      | Reached XP level 3. HP: 15/19 MP: 2/10
   928 | D:2      | Learned a level 3 spell: Dazzling Spray
  1050 | D:2      | Noticed Jessica
  1056 | D:2      | Killed Jessica
  1060 | D:2      | Reached XP level 4. HP: 24/24 MP: 1/12
  1542 | D:2      | Learned a level 4 spell: Iskenderun's Mystic Blast
  1902 | D:2      | Found a radiant altar of Vehumet.
  1908 | D:2      | Became a worshipper of Vehumet
  2590 | D:3      | Reached XP level 5. HP: 28/28 MP: 11/14
  2850 | D:3      | Reached skill level 5 in Spellcasting
  2976 | D:3      | Reached * piety under Vehumet
  2976 | D:3      | Offered knowledge of Sting by Vehumet.
  3027 | D:3      | Found a hide-covered altar of Uskayaw.
  3104 | D:3      | Reached skill level 6 in Conjurations
  3472 | D:4      | Reached skill level 1 in Hexes
  3665 | D:4      | Noticed an ogre
  3672 | D:4      | Mangled by an ogre

Skill      XL: |  1  2  3  4  5 |
---------------+----------------+-----
Conjurations   | 5 6 |  6.0
Spellcasting   | 4 5 |  5.2
Stealth        | 3 |  3.4
Hexes          | 1 |  1.1
Dodging        | |  2.8

Action                   |  1- 3 |  4- 6 || total
-------------------------+-------+-------++-------
 Cast: Magic Dart        |    55 |    96 ||   151
       Searing Ray       |     1 |     4 ||     5
       Iskenderun's Myst |       |     3 ||     3
       Dazzling Spray    |       |     1 ||     1
  Use: Scroll            |       |     4 ||     4
  Eat: Chunk             |       |     9 ||     9
Armor: Robe              |     2 |       ||     2
Dodge: Dodged            |    12 |     6 ||    18
